 Dungeon Crawl Stone Soup version 0.20.1-1-g8b1a95d (webtiles) character file.

534 Inchmeat the Spear-Bearer (level 7, 0/75 HPs)
             Began as a Merfolk Gladiator on Oct 8, 2017.
             Succumbed to an orc wizard's poison
             ... on level 5 of the Dungeon.
             The game lasted 00:07:01 (4312 turns).

Inchmeat the Spear-Bearer (Merfolk Gladiator)       Turns: 4312, Time: 00:07:01

Health: 0/75       AC: 23    Str: 17    XL:     7   Next: 25%
Magic:  7/7        EV:  2    Int: 12    God:
Gold:   198        SH:  0    Dex: 15    Spells: 6/6 levels left

rFire    . . .     SeeInvis .   (no weapon)
rCold    . . .     Gourm    +   (no shield)
rNeg     + + +     Faith    .   (armour currently unavailable)
rPois    +         Spirit   .   (helmet currently unavailable)
rElec    .         Reflect  .   (cloak currently unavailable)
rCorr    .         Harm     .   (gloves currently unavailable)
MR       .....     NoTele   +   (boots currently unavailable)
Stlth    ++........             m - amulet of the gourmand
Regen    0.3/turn               (no ring)
MPRegen  0.1/turn               (no ring)

@: brilliant, lethally poisoned (0 -> -39), tree-form, very slightly
contaminated, invisible
A: (change form in water), (swift swim), (stealthy swim)
a: no special abilities


You were on level 5 of the Dungeon.
You were not hungry.
You were a tree.
You visited 1 branch of the dungeon, and saw 5 of its levels.

You collected 198 gold pieces.

Inventory:

Hand Weapons
 a - a +0 trident
Missiles
 d - 3 throwing nets (quivered)
 n - 5 exploding tomahawks
Armour
 b - a +0 leather armour
 c - a +0 helmet (melded)
 p - a +3 chain mail of cold resistance (melded)
Jewellery
 m - an amulet of the gourmand (around neck)
 t - an uncursed amulet of guardian spirit {unknown}
 z - an uncursed ring of protection from magic {unknown}
Wands
 x - a wand of scattershot (4/9)
Scrolls
 e - a scroll of teleportation {unknown}
 i - a scroll of random uselessness {unknown}
 k - 9 scrolls of identify {unknown}
 v - 2 scrolls of remove curse {unknown}
 y - a scroll of fear {unknown}
 A - a scroll of enchant weapon {unknown}
Potions
 r - a potion of agility
 u - a potion of might
Comestibles
 f - 3 bread rations
 g - 5 fruits
 h - a royal jelly
 l - 4 meat rations


   Skills:
 - Level 2.1 Fighting
 * Level 10.5 Polearms
 - Level 2.0 Throwing
 - Level 1.9 Armour
 - Level 4.0 Dodging
 + Level 1.0 Stealth


You had 6 spell levels left.
You didn't know any spells.

Dungeon Overview and Level Annotations

Branches:
Dungeon (5/15)
 Temple: D:4-7

Altars:


Message History

* * * LOW HITPOINT WARNING * * *
You feel very sick.
The orc wizard hits you but does no damage.
You are more poisoned.
The crimson imp hits you but does no damage.
The orc wizard hits you but does no damage.
You are more poisoned.
Really attack barehanded? [Y]es or [N]o only, please.
Really attack barehanded? [Y]es or [N]o only, please.
Really attack barehanded?
You smack the crimson imp!
The crimson imp is almost dead.
* * * LOW HITPOINT WARNING * * *
You feel very sick.
You cannot move.
You smack the crimson imp!
You kill the crimson imp!
You die...

# .. . .. # .##.#
##. ...# # ..#
#..##.# #.##.#...
## #.#..##...#
#######
#.).♣.....#
#.##..##
##.#..##...#
#.##...###..o..#
##
#.##.##........#
###.##.###.#######
#..<.......##
#....#........
.......#######
...........#


You could see an orc wizard.

Vanquished Creatures
  An ogre (D:5)
  A scorpion (D:4)
  A crimson imp (D:5)
  2 orc wizards
  2 orc priests
  Terence (D:2)
  A worker ant (D:4)
  9 adders
  A shadow imp (D:5)
  An ooze (D:3)
  4 worms
  2 dart slugs
  A leopard gecko (D:1)
  14 orcs
  4 giant cockroaches
  9 hobgoblins
  2 jackals (D:2)
  9 kobolds
  3 quokkas (D:2)
  7 bats
  3 frilled lizards
  5 goblins
  2 leopard gecko skeletons (D:4)
  8 rats
93 creatures vanquished.

Notes
Turn   | Place    | Note
-------+----------+-------------------------------------------
     0 | D:1      | Inchmeat the Merfolk Gladiator began the quest for the Orb.
     0 | D:1      | Reached XP level 1. HP: 16/16 MP: 1/1
   156 | D:1      | Reached skill level 5 in Polearms
   228 | D:1      | Reached XP level 2. HP: 19/22 MP: 2/2
   948 | D:2      | Noticed Terence
  1164 | D:2      | Reached XP level 3. HP: 27/27 MP: 3/3
  1167 | D:2      | Reached skill level 6 in Polearms
  1529 | D:2      | Reached XP level 4. HP: 17/33 MP: 4/4
  1538 | D:2      | Killed Terence
  1739 | D:2      | Reached skill level 7 in Polearms
  2247 | D:3      | Reached XP level 5. HP: 38/38 MP: 5/5
  2271 | D:3      | Reached skill level 1 in Armour
  2456 | D:3      | Reached skill level 8 in Polearms
  2456 | D:3      | Reached skill level 1 in Stealth
  2803 | D:3      | Reached XP level 6. HP: 44/44 MP: 6/6
  2929 | D:4      | Reached skill level 9 in Polearms
  4234 | D:5      | Entered Level 5 of the Dungeon
  4240 | D:5      | Reached skill level 10 in Polearms
  4240 | D:5      | Reached XP level 7. HP: 50/50 MP: 7/7
  4306 | D:5      | HP: 2/75 [poisoned by an orc wizard]
  4311 | D:5      | HP: 2/75 [poisoned by an orc wizard]
  4312 | D:5      | Succumbed to an orc wizard's poison

Skill      XL: |  1  2  3  4  5  6 |
---------------+-------------------+-----
Polearms       | 5 6 7 8 10 | 10.5
Armour         | 1 |  1.9
Stealth        | 1 |  1.0
Fighting       | |  2.1
Throwing       | |  2.0
Dodging        | |  4.0

Action                   |  1- 3 |  4- 6 |  7- 9 || total
-------------------------+-------+-------+-------++-------
Melee: Trident           |   101 |   220 |    28 ||   349
       Unarmed           |       |       |     2 ||     2
  Use: Potion            |     1 |       |     6 ||     7
 Stab: Sleeping          |     2 |       |       ||     2
       Distracted        |     1 |       |       ||     1
  Eat: Chunk             |     2 |    10 |       ||    12
Armor: Leather armour    |    22 |     1 |       ||    23
       Chain mail        |       |    68 |    19 ||    87
       Skin              |       |       |     9 ||     9
Dodge: Dodged            |    61 |    54 |    14 ||   129
